 Dungeon Crawl Stone Soup version 0.19.1 (webtiles) character file.

438 Lilleppy the Twirler (level 6, -3/78 HPs)
             Began as a Minotaur Gladiator on Dec 15, 2016.
             Slain by an ogre
             ... wielding a +0 giant club
              (19 damage)
             ... on level 4 of the Dungeon.
             The game lasted 00:03:54 (3313 turns).

Lilleppy the Twirler (Minotaur Gladiator)           Turns: 3313, Time: 00:03:54

Health: -3/78      AC: 23    Str: 25    XL:     6   Next: 69%
Magic:  5/5        EV:  2    Int:  5    God:
Gold:   140        SH:  0    Dex: 12    Spells: 0 memorised, 5 levels left

rFire  . . .     SeeInvis .     a - +0 quarterstaff
rCold  . . .     Gourm    .     (armour currently unavailable)
rNeg   + + +     Faith    .     (shield currently unavailable)
rPois  +         Spirit   .     (helmet currently unavailable)
rElec  .         Reflect  .     (cloak currently unavailable)
rCorr  .         Harm     .     (gloves currently unavailable)
MR     .....     NoTele   +     (boots currently unavailable)
Stlth  +.........               (no amulet)
                                (no ring)
                                (no ring)

@: mighty, tree-form
A: (retaliatory headbutt), (horns 0)
a: no special abilities


You were on level 4 of the Dungeon.
You were not hungry.
You were a tree.
You visited 1 branch of the dungeon, and saw 4 of its levels.

You collected 140 gold pieces.

Inventory:

Hand Weapons
 a - a +0 quarterstaff (weapon)
 u - a +0 scythe
Missiles
 d - 3 throwing nets (quivered)
Armour
 b - a +2 pair of boots (melded)
 c - a +0 hat (melded)
 g - a +0 shield
 h - a +0 ring mail (melded)
Scrolls
 j - a scroll of enchant weapon {unknown}
 k - a scroll of teleportation {unknown}
 l - a scroll of identify {unknown}
 m - 2 scrolls of noise {unknown}
 p - a scroll of enchant armour {unknown}
 s - a scroll of recharging {unknown}
 x - a scroll of remove curse {unknown}
 y - a scroll of random uselessness {unknown}
 A - 2 scrolls of blinking {unknown}
Potions
 i - a potion of might
 o - a potion of magic {unknown}
 t - a potion of cure mutation {unknown}
 v - a potion of heal wounds {unknown}
 w - a potion of beneficial mutation {unknown}
 z - a potion of flight {unknown}
Comestibles
 f - a bread ration
 n - 2 beef jerkies
 q - 3 meat rations
 r - a slice of pizza
 B - a royal jelly


   Skills:
 + Level 3.9 Fighting
 + Level 6.4 Staves
 + Level 2.0 Throwing
 + Level 3.1 Armour
 + Level 5.2 Dodging
 + Level 0.1 Stealth


You had 5 spell levels left.
You didn't know any spells.

Dungeon Overview and Level Annotations

Branches:
Dungeon (4/15)
 Temple: D:4-7

Altars:
Cheibriados
Qazlal


Innate Abilities, Weirdness & Mutations

((You reflexively headbutt those who attack you in melee.))
((You have a pair of horns on your head.))


Message History

The ogre is lightly wounded.
The orc misses you. The ogre hits you with a giant club!
You hit the ogre.
The ogre is moderately wounded.
The orc completely misses you. You furiously retaliate!
You headbutt the orc. The orc hits you.
* * * LOW HITPOINT WARNING * * *
The ogre hits you with a giant club.
* * * LOW HITPOINT WARNING * * *
It was a potion of might.
You feel very mighty all of a sudden. The orc hits you but does no damage.
The orc barely misses you.
You turn into a tree.
Your +0 hat melds into your body.
Your +2 pair of boots melds into your body.
Your +0 ring mail melds into your body.
Your roots penetrate the ground.
The ogre hits you but does no damage. The orc hits you but does no damage. x2
You closely miss the ogre.
The ogre is moderately wounded.
The orc hits you but does no damage. The ogre hits you with a giant club!!
You die...

##.. #.... ##..# ##....
#... ##..... . ##..##
##...... .. ##....#
##...##..
...###.....#####...###..
..................## ##.
.......O.).......## #.
......o♣.........## #.
......o.####......# #.
.##...### ####...# ##
#... #...# # #.. #...#
##. #..## # #..# #.†#
#..#


You could see an ogre and 2 orcs.

Vanquished Creatures
  Sigmund (D:2)
  A scorpion (D:4)
  A hound (D:4)
  An orc wizard (D:3)
  A worker ant (D:4)
  A hound skeleton (D:4)
  5 adders
  2 oozes (D:1)
  2 adder skeletons (D:4)
  2 worms
  2 dart slugs (D:1)
  3 leopard geckos (D:1)
  6 orcs
  A giant cockroach (D:1)
  5 goblins
  4 hobgoblins
  3 jackals (D:2)
  A quokka (D:4)
  2 ball pythons
  8 bats
  3 frilled lizards
  4 kobolds
  A quokka skeleton (D:4)
  8 rats
68 creatures vanquished.

Notes
Turn   | Place    | Note
-------+----------+-------------------------------------------
     0 | D:1      | Lilleppy the Minotaur Gladiator began the quest for the Orb.
     0 | D:1      | Reached XP level 1. HP: 18/18 MP: 0/0
   131 | D:1      | Reached XP level 2. HP: 6/25 MP: 1/1
   153 | D:1      | Reached skill level 4 in Staves
   439 | D:1      | Reached skill level 1 in Armour
   639 | D:1      | Reached XP level 3. HP: 30/30 MP: 2/2
  1339 | D:2      | Noticed Sigmund
  1348 | D:2      | Killed Sigmund
  1348 | D:2      | Reached skill level 5 in Staves
  1348 | D:2      | Reached XP level 4. HP: 22/38 MP: 3/3
  1348 | D:2      | Reached XP level 5. HP: 27/45 MP: 4/4
  1732 | D:3      | Found a snail-covered altar of Cheibriados.
  1825 | D:3      | Found a stormy altar of Qazlal.
  1891 | D:3      | Reached skill level 6 in Staves
  1895 | D:3      | HP: 2/45 [orc/trident (7)]
  2425 | D:3      | Reached XP level 6. HP: 51/51 MP: 5/5
  2764 | D:4      | Reached skill level 5 in Dodging
  3313 | D:4      | Slain by an ogre

Skill      XL: |  1  2  3  4  5  6 |
---------------+-------------------+-----
Staves         | 4 5 6 |  6.4
Armour         | 1 2 3 |  3.1
Fighting       | 3 |  3.9
Dodging        | 4 5 |  5.2
Throwing       | |  2.0
Stealth        | |  0.1

Action                   |  1- 3 |  4- 6 || total
-------------------------+-------+-------++-------
Melee: Quarterstaff      |    69 |   103 ||   172
       Headbutt          |     9 |    10 ||    19
  Use: Potion            |       |     3 ||     3
  Eat: Bread ration      |       |     2 ||     2
Armor: Leather armour    |     7 |       ||     7
       Ring mail         |    19 |    46 ||    65
       Skin              |       |     9 ||     9
Dodge: Dodged            |    69 |    64 ||   133
